 Dungeon Crawl Stone Soup version 0.15-a0-2352-g26abbdd (webtiles) character file.

1222 Ololoev the Changer (level 8, -7/48 HPs)
             Began as an Octopode Transmuter on July 31, 2014.
             Was an Initiate of Gozag.
             Mangled by a sixfirhy (8 damage)
             ... on Level 1 of the Abyss.
             The game lasted 00:31:03 (7833 turns).

Ololoev the Changer (Octopode Transmuter)           Turns: 7833, Time: 00:31:05

HP  -7/48        AC  3     Str  9      XL: 8   Next: 47%
MP  20/20        EV 12     Int 16      God: Gozag
Gold 167         SH  0     Dex 14      Spells:  2 memorised, 14 levels left

rFire  . . .     SeeInvis .       - Unarmed
rCold  . . .     Clarity  .     (no shield)
rNeg   + . .     rCorr    +     C - +2 hat
rPois  .         rRot     .     t - amulet of resist corrosion
rElec  .         Spirit   .     j - ring of wizardry
SustAb .         Warding  .     y - ring of positive energy
rMut   .         Stasis   .     (no ring)
Gourm  .                        (no ring)
MR     .....                    (no ring)
                                (no ring)
                                (no ring)
                                (no ring)

@: not resistant to hostile enchantments, unstealthy
A: almost no armour, amphibious, 8 rings, constrict 8, camouflage 1, gelatinous
body 1
a: Potion Petition, Call Merchant, Bribe Branch, Renounce Religion


You were on level 1 of the Abyss.
You worshipped Gozag.
Gozag was noncommittal.
You were not hungry.

You visited 1 branch of the dungeon, and saw 7 of its levels.
You visited the Abyss 1 time.

You collected 593 gold pieces.
You paid 426 gold pieces to Gozag.

Inventory:

Missiles
 s - 50 arrows
 x - 2 poisoned arrows
Armour
 C - a +2 hat (worn)
Magical devices
 m - a wand of enslavement (18)
 p - a wand of invisibility (4)
Comestibles
 a - 4 bread rations
 k - 4 meat rations
 A - a beef jerky
Scrolls
 b - a scroll of recharging
 f - 3 scrolls of remove curse
 o - a scroll of fear
 q - a scroll of enchant weapon {unknown}
 B - a scroll of random uselessness {unknown}
Jewellery
 j - a ring of wizardry (left tentacle)
 t - an amulet of resist corrosion (around mantle)
 y - a ring of positive energy (right tentacle)
Potions
 c - 4 potions of restore abilities
 e - a potion of brilliance
 g - 6 potions of agility
 h - a potion of lignification
 i - 3 potions of might
 l - 4 potions of curing
 n - a potion of heal wounds {unknown}
 v - a potion of decay {unknown}
 w - a potion of invisibility
 z - a potion of cure mutation {unknown}
Books
 d - a book of Changes

   Spells                             Type                      Level
   *Beastly Appendage                 Transmutation                1
   *Sticks to Snakes                  Transmutation                2
   Spider Form                        Transmutation/Poison         3
   Ice Form                           Ice/Transmutation            4
   Blade Hands                        Transmutation                5


   Skills:
 - Level 1.0 Fighting
 - Level 2.0 Dodging
 - Level 6.0 Unarmed Combat
 + Level 5.2 Spellcasting
 - Level 6.6 Transmutations


You had 14 spell levels left.
You knew the following spells:

 Your Spells              Type           Power        Failure   Level  Hunger
a - Beastly Appendage     Trmt           ####..       1%          1    None
b - Sticks to Snakes      Trmt           ####......   1%          2    #......


Dungeon Overview and Level Annotations

Branches:
Dungeon (7/15)             Temple (0/1) D:5

Altars:
Gozag
Makhleb
Qazlal

Shops:
D:4 *

Annotations:
D:7 Edmund


Innate Abilities, Weirdness & Mutations

You cannot wear most types of armour.
You are amphibious.
You can wear up to eight rings at the same time.
You can use your tentacles to constrict many enemies at once.
Your skin changes colour to match your surroundings (Stealth).
Your rubbery body absorbs attacks (AC +1).


Message History

You feel strangely unstable.
You are suddenly pulled into a different region of the Abyss!
You are feeling hungry.
Eat which item? (? for menu, Esc to quit)
You continue eating. x3
You finish eating.
That bread ration really hit the spot!
You start resting.
HP restored.
Found 8 stones.
A sixfirhy comes into view.
The sixfirhy hits you! The sixfirhy shocks you! The sixfirhy hits you!
The sixfirhy shocks you!
* * * LOW HITPOINT WARNING * * *
The sixfirhy hits you.
* * * LOW HITPOINT WARNING * * *
The sixfirhy shocks you!
* * * LOW HITPOINT WARNING * * *
The sixfirhy hits you!
You die...
Your body crumbles into a pile of gold.

#.....# ##.#. . ##
# ### ... ## #.
...### .#.... ..#..
.. #.. ..#..#.##
.....##. #.. #..#.
.# ......#.#
####.##...#
#..#..####.#..#####
##@4###(....## #
#...##...####
#...#......#
...##.##....## #.
## ##.##..# . ###
..# .... .....
#..##


You could see a sixfirhy.

Vanquished Creatures
  5 ogres
  A centaur (D:6)
  A scorpion (D:6)
  A giant frog zombie (D:5)
  2 crimson imps
  A hound (D:6)
  2 iguanas (D:4)
  A jelly (D:7)
  Natasha (thrice) (D:4)
  3 orc wizards
  A worker ant (D:4)
  Ijyb (D:2)
  A crocodile zombie (D:5)
  A hound skeleton (D:4)
  5 adders
  7 gnolls
  3 worms
  An iguana zombie (D:4)
  6 giant geckos
  15 orcs
  2 ball pythons (D:4)
  11 bats
  A bat zombie (D:6)
  A giant cockroach (D:3)
  19 goblins
  5 hobgoblins
  8 jackals
  9 kobolds
  6 quokkas
  7 giant newts
  2 orc skeletons
  10 rats
142 creatures vanquished.

Vanquished Creatures (collateral kills)
  Crazy Yiuf (D:3)
  An orc priest (D:3)
  An orc wizard (D:3)
  Terence (D:3)
  A giant cockroach (D:3)
  A goblin (D:3)
  A jackal (D:3)
  A ball python (D:3)
  2 rats
10 creatures vanquished.

Grand Total: 152 creatures vanquished

Notes
Turn   | Place    | Note
--------------------------------------------------------------
     0 | D:1      | Ololoev, the Octopode Transmuter, began the quest for the Orb.
     0 | D:1      | Reached XP level 1. HP: 13/13 MP: 3/3
    46 | D:1      | Reached XP level 2. HP: 11/18 MP: 4/4
   306 | D:1      | Reached skill level 4 in Unarmed Combat
   329 | D:1      | Reached XP level 3. HP: 16/23 MP: 6/6
   869 | D:2      | Noticed Ijyb
   883 | D:2      | Killed Ijyb
   883 | D:2      | Reached XP level 4. HP: 13/28 MP: 7/7
   893 | D:2      | Learned a level 2 spell: Sticks to Snakes
  1245 | D:2      | Reached skill level 5 in Unarmed Combat
  1864 | D:3      | Reached XP level 5. HP: 9/33 MP: 9/9
  2423 | D:3      | Noticed Crazy Yiuf
  2439 | D:3      | Killed Crazy Yiuf
  2556 | D:3      | Noticed Terence
  2580 | D:3      | Killed Terence
  2741 | D:3      | Reached XP level 6. HP: 33/38 MP: 8/10
  2880 | D:3      | Noticed an ogre
  2963 | D:3      | Killed an ogre
  2963 | D:3      | Reached skill level 6 in Unarmed Combat
  4010 | D:4      | Reached XP level 7. HP: 39/43 MP: 10/12
  4036 | D:4      | Reached skill level 5 in Transmutations
  4078 | D:4      | Found Gozag's Platinum Reserve.
  4082 | D:4      | Found an opulent altar of Gozag.
  4242 | D:4      | Became a worshipper of Gozag Ym Sagoz the Greedy
  4683 | D:4      | Noticed Natasha
  4688 | D:4      | Killed Natasha
  4881 | D:4      | Noticed Natasha
  4905 | D:4      | Killed Natasha
  4944 | D:4      | Noticed Natasha
  4951 | D:4      | Killed Natasha
  5016 | D:5      | Entered Level 5 of the Dungeon
  5663 | D:5      | Reached XP level 8. HP: 36/48 MP: 9/16
  5741 | D:5      | Found a staircase to the Ecumenical Temple.
  5915 | D:6      | Found a burning altar of Makhleb.
  5915 | D:6      | Noticed an Executioner
  7160 | D:7      | Found a stormy altar of Qazlal.
  7254 | D:7      | Reached skill level 5 in Spellcasting
  7543 | D:7      | Noticed Edmund
  7675 | D:7      | Cast into the Abyss (Edmund)
  7684 | Abyss:1  | Noticed a large abomination
  7711 | Abyss:1  | Noticed a spatial maelstrom
  7717 | Abyss:1  | Noticed a large abomination
  7832 | Abyss:1  | Noticed a sixfirhy
  7833 | Abyss:1  | HP: 1/48 [sixfirhy (9)]
  7833 | Abyss:1  | Mangled by a sixfirhy

Action                   |  1- 3 |  4- 6 |  7- 9 || total
-------------------------+-------+-------+-------++-------
Melee: Unarmed           |    67 |   157 |   157 ||   381
 Cast: Beastly Appendage |     5 |    19 |    23 ||    47
       Sticks to Snakes  |       |    30 |    12 ||    42
Invok: Potion Petition   |       |       |     1 ||     1
Evoke: Wand              |       |     2 |     1 ||     3
  Use: Scroll            |     5 |     9 |     6 ||    20
       Potion            |       |     1 |       ||     1
 Stab: Sleeping          |     1 |     3 |     2 ||     6
  Eat: Chunk             |       |    11 |     1 ||    12
       Pizza             |       |     1 |       ||     1
       Bread ration      |       |       |     3 ||     3
       Beef jerky        |       |       |     1 ||     1
